 Dungeon Sprint DCSS version 0.26-a0-651-gb41185065b (webtiles) character file.

Game seed: 1144482998146571532

473 mhtbhm the Carver (level 6, -14/68 HPs)
             Began as a Minotaur Berserker on Sept 30, 2020.
             Was a Priest of Trog.
             Demolished by a tyrant leech (30 damage)
             ... in the Dungeon (Sprint II: "The Violet Keep of Menkaure").
             The game lasted 00:00:48 (96 turns).

mhtbhm the Carver (Minotaur Berserker)                Turns: 96, Time: 00:00:48

Health: -14/68     AC:  2    Str: 24    XL:     6   Next: 83%
Magic:  5/5        EV: 14    Int:  4    God:    Trog [***...]
Gold:   486        SH:  0    Dex:  9    Spells: 5/5 levels left

rFire    . . .     SeeInvis .   a - +0 falchion
rCold    . . .     Faith    .   (no shield)
rNeg     . . .     Spirit   .   b - +0 animal skin
rPois    .         Reflect  .   (helmet restricted)
rElec    .         Harm     .   (no cloak)
rCorr    .         Rampage  .   (no gloves)
MR       .....     NoTele   +   (no boots)
Stlth    +.........             (no amulet)
HPRegen  0.21/turn              (no ring)
MPRegen  0.09/turn              (no ring)

@: berserk cooldown, slowed, very slow
A: retaliatory headbutt, horns 2
a: Berserk, Trog's Hand, Renounce Religion


You were in the Dungeon.
You worshipped Trog.
Trog was most pleased with you.
You visited 1 branch You collected 486 gold pieces.

Inventory:

Hand Weapons
 a - a +0 falchion (weapon)
Armour
 b - a +0 animal skin (worn)
Scrolls
 h - a scroll of blinking
Potions
 c - a potion of curing
 d - a potion of heal wounds
 e - a potion of haste
 f - 2 potions of magic
 g - a potion of berserk rage


   Skills:
 + Level 11.1 Fighting
 + Level 11.6 Long Blades
 + Level 6.1 Armour
 + Level 5.9 Dodging


You had 5 spell levels left.
You didn't know any spells.
Your spell library was empty.

Dungeon Overview and Level Annotations

Branches:
Dungeon (1/1)

Altars:


Innate Abilities, Weirdness & Mutations

You reflexively headbutt those who attack you in melee.
You have a pair of horns on your head.


Message History

Menkaure closely misses you. The tyrant leech bites you.
* * * LOW HITPOINT WARNING * * *
The tyrant leech draws strength from your injuries!
Unknown command.
You barely miss Menkaure.
Menkaure is severely damaged.
Menkaure casts a spell at you.
You barely resist. You barely miss Menkaure.
Menkaure is severely damaged.
Menkaure completely misses you.
You riposte.
You hit Menkaure. You headbutt Menkaure.
You destroy Menkaure!
Trog accepts your kill.
Trog appreciates your killing of a magic user.
The tyrant leech barely misses you.
You riposte.
You slash the tyrant leech! You headbutt the tyrant leech!
The tyrant leech is severely wounded.
The tyrant leech bites you!!
You die...

## ## ##.
.## .. ..
### $#.
##.###'#
#...##.##
+.##†.<.+
#...##.##
##.###@##
####w#†##
#..#..#
###.###
#+#


You could see a tyrant leech.

Vanquished Creatures
  Menkaure (D)
  4 necrophages (D)
  4 worker ants (D)
9 creatures vanquished.

Vanquished Creatures (others)
  A crocodile (D)
1 creature vanquished.

Grand Total: 10 creatures vanquished

Notes
Turn   | Place    | Note
-------+----------+-------------------------------------------
     0 | D        | mhtbhm the Minotaur Berserker began the quest for the Orb.
     0 | D        | Reached XP level 1. HP: 19/19 MP: 0/0
     1 | D        | Noticed a tyrant leech
     1 | D        | Noticed a tyrant leech
     5 | D        | Noticed a necrophage
     5 | D        | Noticed a necrophage
     5 | D        | Noticed a necrophage
     5 | D        | Noticed a necrophage
    11 | D        | Killed a necrophage
    11 | D        | Reached XP level 2. HP: 34/34 MP: 1/1
    11 | D        | Reached XP level 3. HP: 39/39 MP: 2/2
    11 | D        | Reached XP level 4. HP: 47/47 MP: 3/3
    14 | D        | Killed a necrophage
    14 | D        | Reached XP level 5. HP: 56/56 MP: 4/4
    16 | D        | Killed a necrophage
    16 | D        | Reached ** piety under Trog
    16 | D        | Reached skill level 10 in Long Blades
    16 | D        | Reached skill level 5 in Armour
    16 | D        | Reached skill level 5 in Dodging
    20 | D        | Killed a necrophage
    20 | D        | Reached skill level 10 in Fighting
    20 | D        | Reached XP level 6. HP: 67/67 MP: 5/5
    74 | D        | Reached *** piety under Trog
    82 | D        | Noticed Menkaure
    95 | D        | Killed Menkaure
    96 | D        | Demolished by a tyrant leech

Illustrated notes

Levels and vault maps discovered:
D:        the_violet_keep_of_menkaure [sprint2_stairs_cluster_1,
          sprint2_shoproom, sprint2_temple, sprint2_basic_supplies,
          sprint2_obstacle_2, sprint2_obstacle_4, sprint2_obstacle_5,
          sprint2_obstacle_1, sprint2_obstacle_3, sprint2_timed_cluster_1,
          sprint2_smallroom_cluster_1, sprint2_smallroom_final_cluster_1,
          sprint2_transparent_cluster_1, sprint2_second_timed_cluster_1,
          sprint2_sniper_area_1, sprint2_heavy_combat_area_1,
          sprint2_mutation_trap_area_1, sprint2_forest_area_1,
          sprint2_light_combat_area_1, sprint2_behind_water_1,
          sprint2_near_end_vault_1]

Skill      XL: |  1  2  3  4  5  6 |
---------------+-------------------+-----
Fighting       | 7 8 10 11 | 11.1
Long Blades    | 7 9 10 11 | 11.6
Armour         | 3 4 5 6 |  6.1
Dodging        | 3 4 5 |  5.9

Action                   |  1- 3 |  4- 6 || total
-------------------------+-------+-------++-------
Melee: Falchion          |     5 |    19 ||    24
       Headbutt          |     1 |     6 ||     7
Invok: Berserk           |     1 |     1 ||     2
Dodge: Dodged            |     2 |    12 ||    14
       Rpst.: Falchion   |       |     3 ||     3

Table legend: (Time is in decaauts)
 A = Elapsed time spent in this place.
 B = Non-inter-level travel time spent in this place.
 C = Inter-level travel time spent in this place.
 D = Time resting spent in this place.
 E = Time spent auto-exploring this place.
 F = Levels seen in this place.
 G = Mean time per level.
                   A        B        C        D        E       F      G
               +--------+--------+--------+--------+--------+-----+--------+
         Total |    106 |    106 |      0 |     52 |      0 |   1 |  106.0 |
       Dungeon |    106 |    106 |      0 |     52 |      0 |   1 |  106.0 |
               +--------+--------+--------+--------+--------+-----+--------+

Top non-repeatable levels by time:
       D: 106 daAuts
